 Dungeon Crawl Stone Soup version 0.20-a0-303-g575bbf7 (webtiles) character file.

2514 junb69 the Destroyer (level 9, -3/68 HPs)
             Began as a Naga Ice Elementalist on Dec 17, 2016.
             Was a Follower of Vehumet.
             Killed by divine providence
             ... invoked by an orc priest
              (15 damage)
             ... on level 8 of the Dungeon.
             The game lasted 00:23:10 (8662 turns).

junb69 the Destroyer (Naga Ice Elementalist)        Turns: 8662, Time: 00:23:11

Health: -3/68      AC: 17    Str: 11    XL:     9   Next: 53%
Magic:  15/29      EV: 11    Int: 19    God:    Vehumet [*.....]
Gold:   414        SH:  0    Dex: 11    Spells: 14/22 levels left

rFire  . . .     SeeInvis +     h - +5 quarterstaff "Kigotod" {flame, rPois}
rCold  . . .     Gourm    .     a - +0 robe
rNeg   . . .     Faith    .     (shield currently unavailable)
rPois  +         Spirit   .     (no helmet)
rElec  .         Reflect  .     (no cloak)
rCorr  .         Harm     .     I - +1 pair of gloves
MR     +....                    m - +1 naga barding
Stlth  ++........               (no amulet)
                                A - +3 ring of evasion
                                o - ring of magical power

@: icy armour, very slightly contaminated, very slow
A: see invisible, deformed body, poison resistance, slowness 2, slow metabolism
1, spit poison 1, AC +3
a: Spit Poison, Renounce Religion


You were on level 8 of the Dungeon.
You worshipped Vehumet.
Vehumet was aware of your devotion.
You were not hungry.

You visited 2 branches of the dungeon, and saw 9 of its levels.
You also visited: Ossuary.

You collected 414 gold pieces.

Inventory:

Hand Weapons
 h - the +5 quarterstaff "Kigotod" (weapon) {flame, rPois}
   (You found it on level 6 of the Dungeon)

   It has been specially enchanted to burn those struck by it, causing extra
   injury to most foes and up to half again as much damage against particularly
   susceptible opponents.
   It protects you from poison.
Armour
 a - a +0 robe (worn)
 m - a +1 naga barding (worn)
 u - a +0 buckler
 I - a +1 pair of gloves (worn)
Magical Staves
 s - an uncursed staff of fire
Jewellery
 f - an uncursed ring of protection from cold
 o - a ring of magical power (left hand)
 p - an uncursed ring of flight
 A - a +3 ring of evasion (right hand)
Wands
 E - a wand of paralysis (13/24)
Scrolls
 e - 3 scrolls of recharging
 i - a scroll of immolation
 k - a scroll of enchant armour
 t - a scroll of fog
 G - 2 scrolls of magic mapping
 H - a scroll of vulnerability {unknown}
 J - 2 scrolls of teleportation
Potions
 d - 2 potions of curing
 g - a potion of brilliance
 l - a potion of lignification {unknown}
 q - a potion of haste {unknown}
 x - 2 potions of ambrosia {unknown}
 B - 2 potions of agility {unknown}
 C - 2 potions of invisibility {unknown}
 D - a potion of heal wounds {unknown}
 F - a potion of mutation {unknown}
Books
 b - a book of Frost

   Spells                             Type                      Level
   a - Freeze                         Ice                          1
   b - Throw Frost                    Conjuration/Ice              2
   c - Ozocubu's Armour               Charms/Ice                   3
   d - Throw Icicle                   Conjuration/Ice              4
   e - Summon Ice Beast               Ice/Summoning                4
Comestibles
 c - 2 bread rations
 n - 2 beef jerkies
 v - a meat ration
 w - a royal jelly


   Skills:
 * Level 2.0 Staves
 - Level 1.5 Dodging
 - Level 3.0 Stealth
 * Level 7.3 Spellcasting
 - Level 8.2 Conjurations
 - Level 6.0 Ice Magic


You had 14 spell levels left.
You knew the following spells:

 Your Spells              Type           Power        Failure   Level  Hunger
a - Freeze                Ice            ####         1%          1    None
b - Throw Icicle          Conj/Ice       ####....     8%          4    ###....
c - Ozocubu's Armour      Chrm/Ice       ###.....     12%         3    #......


Dungeon Overview and Level Annotations

Branches:
Dungeon (8/15)             Temple (1/1) D:6
   Lair: D:8-11

Altars:
Ashenzari
Cheibriados
Dithmenos
Elyvilon
Hepliaklqana
Nemelex Xobeh
Okawaru
Ru
Trog
Uskayaw
Vehumet
Yredelemnul
Zin
The Shining One
Jiyva

Shops:
D:5 }   D:6 [

Annotations:
D:3 Grinder
D:5 exclusion: phantom


Innate Abilities, Weirdness & Mutations

You cannot wear boots.
Your serpentine skin is tough. (AC +3)
You have supernaturally acute eyesight. (SInv)
Armour fits poorly on your strangely shaped body.
Your system is resistant to poisons. (rPois)
You cover ground very slowly.
You have a slow metabolism.
You can spit poison.


Message History

Press: ? - help, Dir - move target cursor, p - orc warrior
As you read the scroll of blinking, it crumbles to dust.
Casting: Throw Icicle
Confirm with . or Enter, or press ? or * to list all spells.
You can't see any susceptible monsters within range! (Use Z to cast anyway.)
Okay, then.
Casting: Throw Icicle
Confirm with . or Enter, or press ? or * to list all spells.
Aiming: Throw Icicle
Press: ? - help, Shift-Dir - straight line, f - orc warrior
Aim: an orc warrior, wielding a battleaxe and wearing a chain mail (heavily wounded)
The shard of ice hits the orc warrior.
You kill the orc warrior!
Vehumet accepts your kill.
You feel your power returning.
Your Staves skill increases to level 2!
The orc priest looks braver for a moment.
The orc priest invokes the aid of Beogh against you.
Beogh smites you!
You die...

#.# ##.+.# #.# #..#.. ##+# #.#
#..#.. ##...## #.# #..#8.
##.....## #.### #(..##
##.......## #.#.## #.....
#.........###....#########.....
+.........'.......o.)o..o)o....
#.........###.@.o#########.....
#.......## #.#.## ##.#.#
##.....## #.### #.... ##...##
#.# ###.# #######'## #|. .#
.)......# ### # ######..#
.[...#..## .........####


You could see an orc priest and 2 orcs.

Vanquished Creatures
  A hungry ghost (D:7)
  2 orc warriors
  A sky beast (D:5)
  A black bear (D:6)
  An ice beast (D:7)
  A necrophage (D:5)
  A centaur (D:7)
  A crocodile (D:7)
  4 bullfrogs
  2 gnoll sergeants
  2 scorpions
  A howler monkey (D:7)
  2 crimson imps (D:7)
  A bullfrog zombie (D:8)
  4 hounds
  A centaur zombie (D:7)
  3 orc priests
  A centaur skeleton (D:6)
  2 jellies
  Ijyb (D:3)
  3 iguanas
  6 orc wizards
  5 worker ants
  2 killer bee zombies
  2 hound zombies (Ossuary)
  A mummy (D:5)
  A howler monkey zombie (D:6)
  8 gnolls
  5 adders
  2 shadow imps
  An ooze (D:3)
  3 worms
  3 dart slugs (D:1)
  4 leopard geckos
  16 orcs
  6 giant cockroaches
  4 goblins
  10 hobgoblins
  22 jackals
  7 kobolds
  4 quokkas
  5 ball pythons
  4 bats
  5 frilled lizards
  A jackal skeleton (D:4)
  A leopard gecko zombie (D:7)
  9 rats
173 creatures vanquished.

Notes
Turn   | Place    | Note
-------+----------+-------------------------------------------
     0 | D:1      | junb69 the Naga Ice Elementalist began the quest for the Orb.
     0 | D:1      | Reached XP level 1. HP: 15/15 MP: 3/3
   371 | D:1      | Reached XP level 2. HP: 16/22 MP: 0/5
   887 | D:1      | Reached XP level 3. HP: 22/28 MP: 3/6
  1846 | D:2      | Found a hazy altar of Hepliaklqana.
  1889 | D:2      | Reached XP level 4. HP: 34/36 MP: 3/7
  1990 | D:2      | Learned a level 4 spell: Throw Icicle
  2010 | D:2      | Found a faded altar of an unknown god.
  2693 | D:3      | Noticed Ijyb
  2705 | D:3      | Killed Ijyb
  2705 | D:3      | Reached skill level 2 in Conjurations
  2705 | D:3      | Reached XP level 5. HP: 30/42 MP: 0/8
  2803 | D:3      | Noticed Grinder
  2923 | D:3      | Found an iron altar of Okawaru.
  3068 | D:3      | Learned a level 3 spell: Ozocubu's Armour
  3545 | D:4      | Reached skill level 3 in Conjurations
  3545 | D:4      | Reached XP level 6. HP: 33/49 MP: 0/11
  3893 | D:5      | Entered Level 5 of the Dungeon
  4003 | D:5      | Noticed a phantom
  4056 | D:5      | Found Zeutz's Gadget Emporium.
  4092 | D:5      | Found a sand-covered staircase.
  4146 | Ossuary  | Entered an ossuary
  4431 | D:5      | Noticed a necrophage
  4437 | D:5      | Killed a necrophage
  4437 | D:5      | Reached skill level 4 in Conjurations
  4437 | D:5      | Reached XP level 7. HP: 55/55 MP: 4/13
  4662 | D:5      | Reached skill level 5 in Ice Magic
  4818 | D:5      | Found a shadowy altar of Dithmenos.
  5126 | D:5      | Got a dazzling mace
  5127 | D:5      | Identified the cursed +3 mace "Iziy" {antimagic, Dex+3 Stlth+} (You found it on level 5 of the Dungeon)
  5439 | D:6      | Reached skill level 5 in Conjurations
  5666 | D:6      | Got a shimmering quarterstaff
  5668 | D:6      | Identified the +5 quarterstaff "Kigotod" {flame, rPois} (You found it on level 6 of the Dungeon)
  5698 | D:6      | Found a staircase to the Ecumenical Temple.
  5711 | Temple   | Entered the Ecumenical Temple
  5856 | Temple   | Became a worshipper of Vehumet
  5971 | D:6      | Reached XP level 8. HP: 47/62 MP: 14/14
  6251 | D:6      | Reached skill level 6 in Conjurations
  6295 | D:6      | Reached skill level 5 in Spellcasting
  6452 | D:6      | Found Jaugam's Armour Shoppe.
  6862 | D:7      | Reached * piety under Vehumet
  6862 | D:7      | Offered knowledge of Sandblast by Vehumet.
  7007 | D:7      | Reached skill level 7 in Conjurations
  7157 | D:7      | Reached XP level 9. HP: 68/68 MP: 2/18
  7735 | D:7      | Reached skill level 8 in Conjurations
  8596 | D:8      | Got a brightly glowing hand axe
  8597 | D:8      | Identified the +8 hand axe "Newtslayer" {antimagic, rC+ Int+3 Dex+3} (You found it on level 8 of the Dungeon)
  8648 | D:8      | Reached skill level 1 in Staves
  8662 | D:8      | Killed from afar by an orc priest

Vault maps used:
D:1:      dpeg_arrival_rooms_with_view
D:2:      lemuel_doored_altar, chequers_ecumenical_altar_simple
D:3:      lemuel_round_altar, uniq_iyjb, uniq_grinder
D:5:      nicolae_dithmenos_through_a_glass_darkly, first_bread,
          nicolae_ossuary_entry_false_entrances, serial_shops,
          nicolae_shop_trees
D:6:      serial_shops, nicolae_shop_trees, kennysheep_nub,
          roderic_bali_sauvastika
D:8:      minivault_1
Temple:   pf_slime_end_temple
Ossuary:  ossuary_minmay_tomb_2a

Skill      XL: |  1  2  3  4  5  6  7  8  9 |
---------------+----------------------------+-----
Ice Magic      | 4 5 6 |  6.0
Conjurations   | 2 3 4 5 7 8 |  8.2
Spellcasting   | 3 4 6 7 |  7.3
Staves         | 2 |  2.0
Dodging        | |  1.5
Stealth        | |  3.0

Action                   |  1- 3 |  4- 6 |  7- 9 || total
-------------------------+-------+-------+-------++-------
Melee: Unarmed           |     1 |       |       ||     1
       Dagger            |    22 |    13 |       ||    35
       Spear             |     2 |       |    10 ||    12
       Club              |       |    99 |     7 ||   106
       Quarterstaff      |       |       |   188 ||   188
       Mace              |       |       |    10 ||    10
 Cast: Freeze            |    52 |    58 |    24 ||   134
       Ozocubu's Armour  |       |     2 |     2 ||     4
       Throw Icicle      |       |     6 |    44 ||    50
  Use: Scroll            |       |    11 |     4 ||    15
       Potion            |       |     2 |       ||     2
 Stab: Sleeping          |     1 |       |     2 ||     3
  Eat: Chunk             |     3 |     8 |    17 ||    28
       Bread ration      |       |       |     1 ||     1
       Pizza             |       |       |     1 ||     1
Armor: Robe              |    19 |   104 |   155 ||   278
Dodge: Dodged            |    31 |   120 |   183 ||   334
